 Dungeon Crawl Stone Soup version 0.26.1-11-gd32895ea62 (webtiles) character file.

Game seed: 9412990241820689419

1716 karkarkar the Grappler (level 8, 0/67 HPs)
             Began as a Troll Monk on July 11, 2021.
             Was a Believer of Hepliaklqana.
             Slain by a killer bee (8 damage)
             ... on level 5 of the Dungeon on July 19, 2021.
             The game lasted 00:17:01 (4203 turns).

karkarkar the Grappler (Troll Monk)                 Turns: 4203, Time: 00:17:02

Health: 0/67       AC: 10    Str: 21    XL:     8   Next: 74%
Magic:  7/7        EV: 12    Int:  6    God:    Hepliaklqana [**....]
Gold:   243        SH:  0    Dex: 13    Spells: 7/7 levels left

rFire    . . .     SeeInvis .     - Unarmed
rCold    . . .     Faith    .   (no shield)
rNeg     . . .     Spirit   .   a - +0 robe
rPois    +         Reflect  .   (helmet restricted)
rElec    .         Harm     .   (no cloak)
rCorr    .         Rampage  .   (gloves unavailable)
Will     .....                  (boots unavailable)
Stlth    ++........             l - amulet of the acrobat
HPRegen  0.61/turn              c - +4 ring of protection
MPRegen  0.10/turn              n - ring of poison resistance

@: no status effects
A: large, unfitting armour, reduced essence, claws 3, regeneration 1, shaggy fur
1, tough skin 3
a: Renounce Religion, Recall Ancestor, Ancestor Identity


You were on level 5 of the Dungeon.
You worshipped Hepliaklqana.
Hepliaklqana was pleased with you.
You visited 1 branch of the dungeon, and saw 6 of its levels.
You also visited: Ossuary.

You collected 243 gold pieces.

Inventory:

Missiles
 i - 4 boomerangs of dispersal (quivered)
Armour
 a - a +0 robe (worn)
Jewellery
 c - a +4 ring of protection (left claw)
 l - an amulet of the acrobat (around neck)
 n - a ring of poison resistance (right claw)
 x - an uncursed ring of willpower
Wands
 q - a wand of flame (11)
Scrolls
 d - a scroll of amnesia {unknown}
 f - a scroll of remove curse
 g - 3 scrolls of enchant armour {unknown}
 j - 3 scrolls of magic mapping {unknown}
 k - 3 scrolls of teleportation {unknown}
 t - 2 scrolls of random uselessness {unknown}
 u - a scroll of blinking {unknown}
Potions
 b - 3 potions of haste
 e - a potion of curing
 h - 2 potions of ambrosia
 m - 2 potions of invisibility {unknown}
 o - 2 potions of degeneration {unknown}
 p - a potion of cancellation {unknown}
 r - a potion of flight {unknown}
 s - 2 potions of mutation {unknown}
 v - a potion of brilliance {unknown}
 w - a potion of might {unknown}


   Skills:
 + Level 3.0 Fighting
 + Level 5.1 Dodging
 + Level 2.1 Stealth
 + Level 9.5 Unarmed Combat


You had 7 spell levels left.
You didn't know any spells.
Your spell library was empty.

Dungeon Overview and Level Annotations

Branches:
Dungeon (6/15)             Temple (0/1) D:5         Ossuary (visited)

Altars:
Gozag
Hepliaklqana
Nemelex Xobeh
Trog
Uskayaw
Xom
The Shining One


Innate Abilities, Weirdness & Mutations

You are too large for most types of armour.
You have claws for hands.
Your natural rate of healing is unusually fast.
You are covered in fur. (AC +1)
You have extremely tough skin. (AC +3)
Your life essence is reduced to manifest your ancestor. (-10% HP)


Message History

You feel sick. The killer bee completely misses you.
There is a stone staircase leading up here.
The killer bee stings you.
* * * LOW HITPOINT WARNING * * *
The killer bee stings you but does no damage. x2
The killer bee barely misses you.
You climb upwards.
You feel sick.
There is a stone staircase leading down here.
You feel better. The killer bee barely misses you. The killer bee stings you.
* * * LOW HITPOINT WARNING * * *
The killer bee stings you!
* * * LOW HITPOINT WARNING * * *
The killer bee stings you!
* * * LOW HITPOINT WARNING * * *
Unknown command.
You feel better. The killer bee stings you.
* * * LOW HITPOINT WARNING * * *
The killer bee closely misses you. The killer bee barely misses you.
The killer bee stings you!
You die...

...####........##########
...'....................#
...###.........########.#
##.# #.........### #.#
...# #.........#<# #.#
...# #.........#.# #.#
...# #.#..######.# #.#
######.##.######y# #.#
................@# #.#
....##.##.##.##y.# #.#
....##....##.##..######(#
....##...............##.#
###.#........#..###.....#
.............#..###..####
...........#+#..##...#
.....................#
................##...#


You could see 2 killer bees.

Vanquished Creatures
  Pikel (D:4)
  A sky beast (D:5)
  2 elf zombies (D:4)
  Blork the orc (D:4)
  2 bullfrogs
  An elf skeleton (D:4)
  A scorpion (D:4)
  A killer bee (D:6)
  A centaur skeleton (D:4)
  2 centaur zombies
  A hound (D:4)
  A bullfrog skeleton (D:4)
  2 orc wizards (D:3)
  3 human skeletons (D:4)
  2 worker ants (D:4)
  4 big kobold zombies (Ossuary)
  5 mummies (Ossuary)
  5 gnolls
  5 adders
  An adder skeleton (D:4)
  A dart slug (D:1)
  8 orcs
  6 bats
  7 giant cockroaches
  7 goblins
  10 hobgoblins
  8 jackals
  9 kobolds
  3 quokkas
  5 frilled lizards (D:2)
  5 hobgoblin zombies (Ossuary)
  A leopard gecko skeleton (D:4)
  10 rats
122 creatures vanquished.

Vanquished Creatures (others)
  A battlemage (D:6)
1 creature vanquished.

Grand Total: 123 creatures vanquished

Notes
Turn   | Place    | Note
-------+----------+-------------------------------------------
     0 | D:1      | karkarkar the Troll Monk began the quest for the Orb.
     0 | D:1      | Reached XP level 1. HP: 22/22 MP: 0/0
   205 | D:1      | Reached XP level 2. HP: 29/29 MP: 1/1
   823 | D:2      | Noticed a +0 hand axe
   823 | D:2      | Noticed a +0 hand axe
   828 | D:2      | Found a hide-covered altar of Uskayaw.
   838 | D:2      | Reached XP level 3. HP: 36/36 MP: 2/2
   906 | D:2      | Found a sparkling altar of Nemelex Xobeh.
  1387 | D:2      | Found an opulent altar of Gozag.
  1570 | D:2      | Reached XP level 4. HP: 30/44 MP: 3/3
  1618 | D:3      | Found a shimmering altar of Xom.
  1618 | D:3      | Found a shimmering altar of Xom.
  1674 | D:3      | Reached skill level 4 in Unarmed Combat
  1815 | D:3      | Reached XP level 5. HP: 42/50 MP: 4/4
  1865 | D:3      | Reached skill level 5 in Unarmed Combat
  2252 | D:4      | Reached XP level 6. HP: 54/59 MP: 5/5
  2322 | D:4      | Noticed Blork the orc
  2333 | D:4      | Killed Blork the orc
  2556 | D:4      | Reached skill level 6 in Unarmed Combat
  2559 | D:4      | Noticed Pikel
  2586 | D:4      | Killed Pikel
  2587 | D:4      | Reached skill level 7 in Unarmed Combat
  2587 | D:4      | Reached XP level 7. HP: 24/66 MP: 6/6
  2736 | D:4      | Reached skill level 8 in Unarmed Combat
  2736 | D:4      | Reached XP level 8. HP: 71/74 MP: 7/7
  2763 | D:4      | Found a sand-covered staircase.
  2775 | Ossuary  | Entered an ossuary
  3041 | D:4      | Found a glowing golden altar of the Shining One.
  3248 | D:4      | Reached skill level 9 in Unarmed Combat
  3556 | D:5      | Entered Level 5 of the Dungeon
  3642 | D:5      | Reached skill level 5 in Dodging
  3663 | D:5      | Found a staircase to the Ecumenical Temple.
  4016 | D:5      | Found a bloodstained altar of Trog.
  4074 | D:5      | Found a hazy altar of Hepliaklqana.
  4077 | D:5      | Became a worshipper of Hepliaklqana the Forgotten
  4077 | D:5      | Reached * piety under Hepliaklqana
  4077 | D:5      | Reached ** piety under Hepliaklqana
  4087 | D:5      | Remembered your ancestor Bozena as a battlemage
  4202 | D:5      | HP: 1/67 [killer bee (7)]
  4203 | D:5      | Slain by a killer bee

Illustrated notes

Levels and vault maps discovered:
D:1:      dpeg_arrival_chambers_temple_mockup, layout_loops_ring,
          hangedman_decor_slide_cut, patterned_corridor
D:2:      layout_loops_ring, nemelex_xobeh_ov_fountains_minmay,
          dancing_weapons_uskayaw, nicolae_gozag_seed_capital
D:3:      layout_rooms, xom_redecorated
D:4:      kennysheep_six_static_rooms, layout_basic,
          nicolae_overflow_hidden_temple, nicolae_ossuary_entry_catacombs,
          kennysheep_small_square, uniq_blork_the_orc, uniq_pikel
D:5:      layout_basic, nzn_hepliaklqana_mist_gate, kennysheep_mini_moat,
          minmay_temple_entry_arrows
D:6:      layout_basic

Skill      XL: |  1  2  3  4  5  6  7  8 |
---------------+-------------------------+-----
Dodging        | 3 4 5 |  5.1
Unarmed Combat | 4 5 7 8 9 |  9.5
Stealth        | 2 |  2.1
Fighting       | 3 |  3.0

Action                   |  1- 3 |  4- 6 |  7- 9 || total
-------------------------+-------+-------+-------++-------
Melee: Unarmed           |   115 |   108 |   148 ||   371
       Punch             |     1 |     2 |     4 ||     7
Invok: Ancestor Life: Ba |       |       |     1 ||     1
  Use: Scroll            |     2 |     2 |     2 ||     6
       Potion            |       |       |     3 ||     3
 Stab: Sleeping          |     7 |     1 |     2 ||    10
       Distracted        |       |       |     1 ||     1
Armor: Robe              |    46 |    48 |    59 ||   153
Dodge: Dodged            |    62 |    71 |   139 ||   272
